 Dungeon Crawl Stone Soup version 0.25-a0-521-gb5d5f98535 (webtiles) character file.

Game seed: 11129840299947361375, levelgen mode: deterministic

14855 Banto the Spear-Bearer (level 11, -5/81 HPs)
             Began as a Demonspawn Gladiator on Feb 18, 2020.
             Was the Champion of Okawaru.
             Slain by a salamander
             ... wielding a +0 trident
              (9 damage)
             ... in a volcano.
             The game lasted 00:24:48 (14106 turns).

Banto the Spear-Bearer (Demonspawn Gladiator)      Turns: 14106, Time: 00:24:49

Health: -5/81      AC: 19    Str: 14    XL:     11   Next: 94%
Magic:  16/16      EV: 14    Int: 12    God:    Okawaru [******]
Gold:   643        SH:  5    Dex: 16    Spells: 10/10 levels left

rFire    . . .     SeeInvis .   c - +2 trident (venom)
rCold    + . .     Gourm    .   r - +0 buckler
rNeg     . . .     Faith    .   C - +2 chain mail {rC+}
rPois    +         Spirit   .   K - +2 helmet
rElec    .         Reflect  .   G - scarf {repulsion}
rCorr    .         Harm     .   o - +1 pair of gloves {archery}
MR       .....                  L - +1 pair of boots {Fly}
Stlth    ..........             (no amulet)
HPRegen  0.23/turn              y - ring of poison resistance
MPRegen  0.15/turn              I - +2 ring of evasion

@: flying, repel missiles
A: talons 2, demonic guardian 2, rot immunity, sturdy frame 2
a: Heroism, Finesse, Renounce Religion, Stop Flying


You were in a volcano.
You worshipped Okawaru.
Okawaru was exalted by your worship.
You were hungry.

You visited 3 branches of the dungeon, and saw 13 of its levels.
You also visited: Ossuary and Volcano.

You collected 824 gold pieces.
You spent 181 gold pieces at shops.

Inventory:

Hand Weapons
 c - a +2 trident of venom (weapon)
Missiles
 d - 3 throwing nets (quivered)
 n - 47 poisoned darts
Armour
 a - a +2 cloak
 o - a +1 pair of gloves of archery (worn)
 r - a +0 buckler (worn)
 C - a +2 chain mail of cold resistance (worn)
 G - a scarf of repulsion (worn)
 K - a +2 helmet (worn)
 L - a +1 pair of boots of flying (worn)
Jewellery
 j - an uncursed ring of fire
 y - a ring of poison resistance (left hand)
 z - an uncursed amulet of magic regeneration
 I - a +2 ring of evasion (right hand)
Wands
 b - a wand of disintegration (9)
 p - a wand of acid (11)
 u - a wand of digging (6)
 w - a wand of paralysis (14)
 x - a wand of polymorph (9)
Scrolls
 g - 5 scrolls of teleportation
 h - 4 scrolls of remove curse
 i - 4 scrolls of amnesia
 l - 2 scrolls of fear
 E - a scroll of enchant armour
 H - 4 scrolls of enchant weapon
Potions
 e - 2 potions of lignification
 k - 2 potions of flight
 m - 3 potions of brilliance
 q - a potion of stabbing
 s - 4 potions of curing
 t - 4 potions of heal wounds
 v - 2 potions of ambrosia
 A - 3 potions of magic {unknown}
 B - a potion of cancellation
 D - 2 potions of berserk rage
 F - a potion of invisibility {unknown}
Comestibles
 f - 16 rations


   Skills:
 + Level 5.7 Fighting
 - Level 14.0 Polearms
 - Level 1.7 Throwing
 + Level 4.7 Armour
 + Level 5.6 Dodging
 - Level 4.0 Shields
 - Level 7.2 Invocations


You had 10 spell levels left.
You didn't know any spells.
Your spell library contained the following spells:

 Spells                   Type           Power        Failure   Level  Hunger
 Summon Small Mammal      Summ           #...         86%         1    ##.....
 Call Imp                 Summ           #.......     95%         2    ###....
 Call Canine Familiar     Summ           #.......     99%         3    ####...
 Summon Guardian Golem    Hex/Summ       #.......     99%         3    ####...
 Summon Ice Beast         Ice/Summ       #.......     100%        4    #####..
 Summon Lightning Spire   Summ/Air       #.......     100%        4    #####..


Dungeon Overview and Level Annotations

Branches:
Dungeon (11/15)            Temple (1/1) D:5            Lair (1/6) D:9
    Orc (0/2) D:9         Ossuary (visited)         Volcano (1/1)

Altars:
Ashenzari
Cheibriados
Dithmenos
Elyvilon
Fedhas
Gozag
Hepliaklqana
Kikubaaqudgha
Makhleb
Nemelex Xobeh
Okawaru
Qazlal
Ru
Sif Muna
Trog
Uskayaw
Vehumet
Wu Jian
Xom
Yredelemnul
Zin
The Shining One

Shops:
D:8 [(=((   D:11 %

Annotations:
D:6 exclusions: 3 electric eels and 6 more exclusions
Lair:1 Gastronok


Innate Abilities, Weirdness & Mutations

You have razor-sharp toenails.
A demonic guardian rushes to your aid.
You are immune to rotting.
Your movements are less encumbered by armour. (ER -4)


Message History

You take 13 damage, and have 28/81 hp.
You swap places.
The salamander hits you from afar with a +0 trident!
* * * LOW HITPOINT WARNING * * *
You are engulfed in flames!
* * * LOW HITPOINT WARNING * * *
Your ice devil hits the salamander but does no damage.
Things that are here:
a +0 glaive; a +0 quarterstaff; a cursed +0 robe You take 20 damage, and have 8/81 hp.
MASSIVE DAMAGE!!
Attack whom?
Press: ? - help, Dir - move target cursor, f/p - salamander
Aim: a salamander, wielding a +0 trident and wearing a +1 ring mail of fire resistance (fast)
You reach to attack!
You hit the salamander but do no damage.
The salamander is poisoned.
The salamander hits you from afar with a +0 trident.
* * * LOW HITPOINT WARNING * * *
You are engulfed in flames!
You die...

#≈≈≈≈≈## ##§§≈
##≈§≈§≈. #§§§≈
#≈≈§§§.) ###∩..☼
##≈≈≈≈.. #.....≈
#§§≈≈∩.. ###..∩.
#≈☼§≈.$## ###.≈
#○○§§$N)# #.## #§≈§≈4#
##.# #§§≈≈@## ### ##
###.
##≈≈##.###..###..##...
### ##......§...§§...
## ###....≈≈≈§§§≈...
##☼ ##....≈≈≈≈≈≈§§≈≈§.
#☼☼#
#....§≈§≈≈§§≈≈≈≈≈.
##§≈≈##
##....§≈≈§≈°≈≈≈≈≈§
#§§≈≈≈##
#....≈≈§§≈§≈§≈≈≈≈≈
#§≈..≈≈##
###..§.§§§§≈≈≈≈≈≈≈


You could see a salamander and a friendly ice devil.

Vanquished Creatures
  A hydra (D:11)
  Nergalle (D:11)
  An unseen horror (D:11)
  An oklob plant (D:11)
  2 salamanders (Volcano)
  A komodo dragon (Lair:1)
  A polar bear (D:8)
  3 hippogriffs
  Sigmund (D:2)
  9 yaks
  A wyvern (D:9)
  A wraith (D:10)
  4 hogs (D:9)
  A human (D:9)
  Menkaure (D:7)
  5 water moccasins
  A sky beast (D:10)
  3 orc warriors
  An ice beast (D:8)
  A black bear (D:11)
  4 ogres
  A phantom (D:11)
  A centaur (D:10)
  2 crocodiles
  3 big kobolds
  Blork the orc (D:5)
  10 bullfrogs
  A gnoll sergeant (D:8)
  2 wyvern zombies (D:8)
  2 scorpions
  A killer bee (D:9)
  9 wights
  2 electric eels (D:8)
  6 howler monkeys
  A bullfrog zombie (D:5)
  A centaur zombie (D:10)
  4 crimson imps
  A jelly (D:5)
  6 orc priests
  3 bullfrog skeletons
  8 orc wizards
  2 centaur skeletons (D:7)
  4 hounds
  An iguana (D:5)
  Ijyb (D:4)
  5 worker ants
  A bullfrog simulacrum (D:8)
  A hound zombie (D:9)
  3 mummies (Ossuary)
  2 howler monkey zombies
  13 gnolls
  A howler monkey skeleton (D:4)
  14 adders
  4 white imps (D:8)
  An adder zombie (Ossuary)
  2 adder skeletons
  3 worms
  3 dart slugs
  4 leopard geckos
  49 orcs
  11 giant cockroaches
  15 goblins
  8 hobgoblins
  26 kobolds
  3 quokkas
  A ball python (D:3)
  6 bats
  5 frilled lizards
  5 goblin zombies (Ossuary)
  A hobgoblin zombie (Ossuary)
  4 kobold zombies (Ossuary)
  3 leopard gecko skeletons
  3 quokka zombies
  7 rats
  6 rat zombies (Ossuary)
  A fungus (D:9)
328 creatures vanquished.

Vanquished Creatures (collateral kills)
  A two-headed ogre (D:8)
  A hell knight (Volcano)
  A salamander mystic (Volcano)
  An ugly thing (D:11)
  2 salamanders (Volcano)
  Maggie (D:7)
  A rime drake (Lair:1)
  A spiny frog (Lair:1)
  2 polar bears (D:8)
  A hornet (D:8)
  5 yaks
  5 porcupines
  A black bear (D:9)
  2 ogres (D:5)
  A bullfrog (D:11)
  A gnoll sergeant (D:8)
  A scorpion (D:8)
  2 killer bees (D:9)
  3 orc priests
  2 orc wizards (D:5)
  2 centaur simulacra (D:8)
  3 gnolls (D:5)
  An adder (D:8)
  An ooze (D:2)
  3 orcs
  A kobold (D:9)
  A fungus (D:9)
  2 plants (D:9)
49 creatures vanquished.

Vanquished Creatures (others)
  A human (D:3)
  8 fungi (D:9)
  4 plants (D:9)
13 creatures vanquished.

Grand Total: 390 creatures vanquished

Notes
Turn   | Place    | Note
-------+----------+-------------------------------------------
     0 | D:1      | Banto the Demonspawn Gladiator began the quest for the Orb.
     0 | D:1      | Reached XP level 1. HP: 16/16 MP: 1/1
    29 | D:1      | Reached skill level 3 in Polearms
   124 | D:1      | Gained mutation: A weak demonic guardian rushes to your
                  | aid. [demonic ancestry]
   124 | D:1      | Reached XP level 2. HP: 22/22 MP: 2/2
   854 | D:2      | Gained mutation: Your movements are slightly less
                  | encumbered by armour. (ER -2) [demonic ancestry]
   854 | D:2      | Reached XP level 3. HP: 27/27 MP: 3/3
   903 | D:2      | Noticed Sigmund
   906 | D:2      | Reached skill level 4 in Polearms
   929 | D:2      | Killed Sigmund
   929 | D:2      | Reached skill level 5 in Polearms
   929 | D:2      | Reached XP level 4. HP: 22/33 MP: 4/4
   929 | D:2      | Gained mutation: You have sharp toenails. [demonic
                  | ancestry]
   929 | D:2      | Reached XP level 5. HP: 25/38 MP: 5/5
  1120 | D:2      | Found a stormy altar of Qazlal.
  1165 | D:2      | Found a shadowy altar of Dithmenos.
  1322 | D:2      | Found a white marble altar of Elyvilon.
  1791 | D:3      | Found an ornate altar of the Wu Jian Council.
  2274 | D:3      | Reached skill level 6 in Polearms
  2438 | D:3      | Gained mutation: A demonic guardian rushes to your aid.
                  | [demonic ancestry]
  2438 | D:3      | Reached XP level 6. HP: 19/44 MP: 6/6
  2588 | D:3      | Found a radiant altar of Vehumet.
  3089 | D:3      | Found a faded altar of an unknown god.
  3276 | D:3      | Reached skill level 7 in Polearms
  3286 | D:3      | Found an ancient bone altar of Kikubaaqudgha.
  3289 | D:3      | Noticed a human
  3290 | D:3      | Killed a human
  3445 | D:4      | Found a sacrificial altar of Ru.
  3462 | D:4      | Gained mutation: You have razor-sharp toenails. [demonic
                  | ancestry]
  3462 | D:4      | Reached XP level 7. HP: 50/50 MP: 7/7
  3677 | D:4      | Noticed Ijyb
  3690 | D:4      | Killed Ijyb
  4249 | D:5      | Entered Level 5 of the Dungeon
  4250 | D:5      | Found a staircase to the Ecumenical Temple.
  4259 | Temple   | Entered the Ecumenical Temple
  4393 | D:5      | Reached skill level 8 in Polearms
  4608 | D:5      | Noticed Blork the orc
  4622 | D:5      | Killed Blork the orc
  4632 | D:5      | Found an iron altar of Okawaru.
  4662 | D:5      | Became a worshipper of Warmaster Okawaru
  4897 | D:5      | Gained mutation: Your movements are less encumbered by
                  | armour. (ER -4) [demonic ancestry]
  4897 | D:5      | Reached XP level 8. HP: 35/56 MP: 8/8
  4899 | D:5      | Reached skill level 9 in Polearms
  5571 | D:6      | Reached * piety under Okawaru
  5591 | D:6      | Found an opulent altar of Gozag.
  5592 | D:6      | Found a shimmering altar of Xom.
  5865 | D:6      | Reached skill level 10 in Polearms
  6488 | D:7      | Noticed Menkaure
  6495 | D:7      | Killed Menkaure
  6622 | D:7      | Noticed Maggie
  6636 | D:7      | Killed Maggie
  6636 | D:7      | Reached ** piety under Okawaru
  7076 | D:7      | Reached skill level 11 in Polearms
  7172 | D:8      | Noticed a polar bear
  7208 | D:8      | Reached XP level 9. HP: 45/61 MP: 9/9
  7499 | D:8      | Found Kausya's Antique Weapon Boutique.
  7516 | D:8      | Noticed a polar bear
  7543 | D:8      | Killed a polar bear
  7592 | D:8      | Found Xing's Jewellery Shop.
  7639 | D:8      | Noticed a two-headed ogre
  7642 | D:8      | Killed a two-headed ogre
  7642 | D:8      | Reached *** piety under Okawaru
  7642 | D:8      | Reached skill level 12 in Polearms
  7644 | D:8      | Found an ancient bone altar of Kikubaaqudgha.
  7708 | D:8      | Noticed a polar bear
  7728 | D:8      | Killed a polar bear
  7739 | D:8      | Found a sand-covered staircase.
  7746 | Ossuary  | Entered an ossuary
  8169 | D:8      | Found a glowing golden altar of the Shining One.
  8218 | D:8      | Reached **** piety under Okawaru
  8621 | D:8      | Killed a polar bear
  8621 | D:8      | Reached skill level 13 in Polearms
  8667 | D:8      | Found Uziunagu's Weapon Shop.
  8675 | D:8      | Found Kirec's Armour Boutique.
  8736 | D:8      | Bought a +1 pair of boots of flying for 181 gold pieces
  8811 | D:8      | Found Laisul's Weapon Shoppe.
  8851 | D:8      | Gained mutation: You are immune to rotting. [demonic
                  | ancestry]
  8851 | D:8      | Reached XP level 10. HP: 40/67 MP: 10/10
  9343 | D:9      | Found a glowing silver altar of Zin.
  9343 | D:9      | Noticed an angel
  9441 | D:9      | Received a gift from Okawaru
  9744 | D:9      | Found a staircase to the Orcish Mines.
 10001 | D:9      | Found a staircase to the Lair.
 10112 | D:9      | Reached ***** piety under Okawaru
 10118 | D:9      | Reached skill level 14 in Polearms
 10339 | D:9      | Reached skill level 1 in Invocations
 10428 | D:9      | Found a hide-covered altar of Uskayaw.
 10539 | D:9      | Reached skill level 1 in Shields
 10652 | D:9      | Received a gift from Okawaru
 10787 | D:10     | Entered Level 10 of the Dungeon
 11079 | D:10     | Reached skill level 5 in Invocations
 11627 | D:10     | Reached XP level 11. HP: 68/72 MP: 15/15
 11957 | D:11     | Noticed a five-headed hydra
 11964 | D:11     | Killed a five-headed hydra
 11981 | D:11     | Noticed a cyan ugly thing
 12015 | D:11     | Reached skill level 1 in Armour
 12015 | D:11     | Noticed Nergalle
 12234 | D:11     | Found an ornate altar of the Wu Jian Council.
 12239 | D:11     | Noticed an oklob plant
 12253 | D:11     | Killed an oklob plant
 12284 | D:11     | Killed an unseen horror
 12320 | D:11     | Killed Nergalle
 12386 | D:11     | Killed a cyan ugly thing
 12448 | D:11     | Found Catat's Food Shop.
 12607 | D:11     | Reached ****** piety under Okawaru
 13151 | Lair:1   | Entered Level 1 of the Lair of Beasts
 13220 | Lair:1   | Received a gift from Okawaru
 13385 | Lair:1   | Noticed Gastronok
 13461 | Lair:1   | Reached skill level 5 in Fighting
 13461 | Lair:1   | Reached skill level 5 in Dodging
 13469 | Lair:1   | Found a dark tunnel.
 13589 | Volcano  | Entered a volcano
 13651 | Volcano  | Noticed a hell knight
 13673 | Volcano  | Killed a hell knight
 14087 | Volcano  | Noticed a salamander mystic
 14097 | Volcano  | Killed a salamander mystic
 14106 | Volcano  | HP: 4/81 [salamander/+0 trident (4)]
 14106 | Volcano  | Slain by a salamander

Levels and vault maps discovered:
D:1:      minmay_arrival_diagonal_passages, layout_basic,
          minmay_misc_feat_square
D:2:      minmay_diamond_boxcup, layout_basic, nicolae_dithmenos_shadow_blocks,
          nicolae_overflow_crystal_walls, grunt_qazlal_sundering, first_ration,
          kennysheep_generic_room_9, uniq_sigmund
D:3:      layout_basic, old_standard_altar, lemuel_crystal_altar,
          chequers_ecumenical_altar_lobes, tgw_kikubaaqudgha
D:4:      layout_basic, nicolae_ru_great_annihilating_truth,
          nicolae_overflow_hidden_temple, minmay_misc_feat_enclosed, uniq_ijyb
D:5:      layout_basic, kennysheep_mini, minmay_temple_entry_antechambers,
          uniq_blork_the_orc
D:6:      minmay_goblin_kobold_castle, layout_basic, overflow_temple_1_default,
          xom_teletrap_fun
D:7:      layout_loops_corners, uniq_menkaure, uniq_maggie
D:8:      layout_rooms, lemuel_round_altar, lemuel_coloured_pillars_altar,
          serial_ice, serial_ice_d, serial_ice_o, serial_ice_k, serial_ice_m,
          enter_ossuary_4, serial_shops, shop, nicolae_shop_behind_doors, shop,
          shop, nicolae_shop_stone
D:9:      layout_long_grid, overflow_temple_1_default, zin_angel,
          due_lair_maze_entry_diamond, orc_0_dummy, grunt_livestock
D:10:     layout_stronghold
D:11:     lemuel_troll_bridge, layout_rooms, serial_shops, shop_fountains,
          lemuel_oklob_altar, uniq_nergalle
Temple:   jpeg_temple_island
Lair:1:   layout_loops_ring, nicolae_volcano_entry_two_sided,
          grunt_megastairs_2, uniq_gastronok
Volcano:  volcano_pools

Skill      XL: |  1  2  3  4  5  6  7  8  9 10 11 |
---------------+----------------------------------+-----
Polearms       | 3 5 6 7 8 11 13 14 | 14.0
Invocations    | 6 7 |  7.2
Shields        | 4 |  4.0
Dodging        | 5 |  5.6
Armour         | 4 |  4.7
Fighting       | 5 |  5.7
Throwing       | |  1.7

Action                   |  1- 3 |  4- 6 |  7- 9 | 10-12 || total
-------------------------+-------+-------+-------+-------++-------
Melee: Trident           |    98 |   190 |   448 |   730 ||  1466
       Kick              |       |    37 |   127 |       ||   164
Invok: Heroism           |       |       |     1 |       ||     1
Evoke: Wand              |       |       |     2 |     2 ||     4
  Use: Scroll            |       |    10 |    10 |       ||    20
       Potion            |       |     1 |       |       ||     1
 Stab: Sleeping          |     3 |     1 |     3 |       ||     7
       Distracted        |     1 |     1 |     1 |     2 ||     5
       Paralysed         |       |     1 |       |       ||     1
  Eat: Chunk             |       |     8 |    18 |    16 ||    42
Armor: Leather armour    |    18 |    12 |       |       ||    30
       Ring mail         |       |    18 |    25 |       ||    43
       Skin              |       |    10 |       |       ||    10
       Chain mail        |       |       |    64 |   174 ||   238
Dodge: Dodged            |    44 |    73 |   154 |   181 ||   452
       Deflected         |       |       |     2 |     9 ||    11
Block: Buckler           |       |       |     1 |    83 ||    84

Table legend:
 A = Non-vault XP
 B = Vault XP
 C = Vault XP percentage of total XP
 D = Non-vault monster count
 E = Vault monster count
 F = Vault count percentage of total count
                 A         B        C        D         E       F
            +---------+---------+-------+---------+---------+-------
      Total |   13072 |    8150 |  38.4 |     286 |      87 |  23.3
            +---------+---------+-------+---------+---------+-------
        D:1 |      37 |       0 |   0.0 |      20 |       0 |   0.0
        D:2 |      83 |     204 |  71.1 |      17 |      13 |  43.3
        D:3 |     297 |       0 |   0.0 |      40 |       0 |   0.0
        D:4 |     211 |      80 |  27.5 |      13 |       5 |  27.8
        D:5 |     601 |      91 |  13.2 |      24 |       1 |   4.0
        D:6 |     413 |       7 |   1.7 |      10 |       5 |  33.3
        D:7 |     306 |     455 |  59.8 |       7 |       2 |  22.2
        D:8 |    2232 |     772 |  25.7 |      43 |      13 |  23.2
        D:9 |    1437 |    1907 |  57.0 |      37 |      15 |  28.8
       D:10 |    1808 |       0 |   0.0 |      27 |       0 |   0.0
       D:11 |    4006 |    1641 |  29.1 |      39 |       4 |   9.3
     Lair:1 |    1641 |     207 |  11.2 |       9 |       2 |  18.2
    Ossuary |       0 |      77 | 100.0 |       0 |      21 | 100.0
    Volcano |       0 |    2709 | 100.0 |       0 |       6 | 100.0
            +---------+---------+-------+---------+---------+-------

Table legend:
 A = Turns spent in this place as a percentage of turns spent in the entire game.
 B = Non-inter-level travel turns spent in this place as a percentage of non-inter-level travel turns spent in the entire game.
 C = Inter-level travel turns spent in this place as a percentage of turns spent in this place.
 D = Turns resting spent in this place as a percentage of non-inter-level travel turns spent in this place.
 E = Turns spent auto-exploring this place as a percentage of non-inter-level travel turns spent in this place.
 F = Non-inter-level travel turns spent in this place divided by the number of levels of this place that you've seen.
                   A       B       C       D       E      F
               +-------+-------+-------+-------+-------+----------------------
         Total | 100.0 | 100.0 |   5.8 |  30.5 |  39.5 | 886.1
       Dungeon |  90.0 |  89.5 |   6.3 |  27.9 |  43.8 | 1081.4
        Temple |   0.5 |   0.4 |  17.4 |   0.0 |  77.2 |  57.0
          Lair |   3.1 |   3.3 |   0.0 |  32.2 |   0.0 | 438.0
       Ossuary |   2.7 |   2.9 |   0.0 |  61.6 |   0.0 | 385.0
       Volcano |   3.7 |   3.9 |   0.0 |  67.3 |   0.0 | 517.0
               +-------+-------+-------+-------+-------+----------------------

Table legend:
 A = Kills in this place as a percentage of kills in entire the game.
 B = Kills by you in this place as a percentage of kills by you in the entire game.
 C = Kills by friends in this place as a percentage of kills by friends in the entire game.
 D = Other kills in this place as a percentage of other kills in the entire game.
 E = Experience gained in this place as a percentage of experience gained in the entire game.
 F = Experience gained in this place divided by the number of levels of this place that you have seen.
                   A       B       C       D       E      F
               +-------+-------+-------+-------+-------+----------------------
         Total | 100.0 | 100.0 | 100.0 |   N/A | 100.0 | 1414.8
       Dungeon |  89.8 |  90.5 |  84.8 |   N/A |  78.2 | 1508.0
          Lair |   2.9 |   2.4 |   6.5 |   N/A |   8.7 | 1848.0
       Ossuary |   5.6 |   6.4 |   0.0 |   N/A |   0.4 |  77.0
       Volcano |   1.6 |   0.6 |   8.7 |   N/A |  12.8 | 2709.0
               +-------+-------+-------+-------+-------+----------------------
